 Dungeon Crawl Stone Soup version 0.23-a0-106-g63f3d0b (webtiles) character file.

233 galech the Chopper (level 5, -11/63 HPs)
             Began as a Demonspawn Berserker on Aug 20, 2018.
             Was a Priest of Trog.
             Killed by divine providence
             ... invoked by an orc priest
              (16 damage)
             ... on level 3 of the Dungeon.
             The game lasted 00:05:41 (2906 turns).

galech the Chopper (Demonspawn Berserker)           Turns: 2906, Time: 00:05:42

Health: -11/63     AC: 11    Str: 22    XL:     5   Next: 75%
Magic:  5/5        EV: 15    Int:  9    God:    Trog [***...]
Gold:   213        SH:  0    Dex: 18    Spells: 4/4 levels left

rFire    . . .     SeeInvis .   a - +0 hand axe
rCold    . . .     Gourm    .   (no shield)
rNeg     . . .     Faith    .   p - +1 chain mail
rPois    .         Spirit   .   (no helmet)
rElec    .         Reflect  .   (no cloak)
rCorr    .         Harm     .   (no gloves)
MR       .....                  u - +0 pair of boots (curse)
Stlth    ..........             (no amulet)
HPRegen  0.20/turn              d - +1 ring of evasion
MPRegen  0.09/turn              (no ring)

@: agile, berserking, very quick
A: powered by pain 2, rot immunity
a: Berserk, Trog's Hand, Renounce Religion


You were on level 3 of the Dungeon.
You worshipped Trog.
Trog was most pleased with you.
You were very hungry.

You visited 1 branch of the dungeon, and saw 3 of its levels.
You also visited: Sewer.

You collected 213 gold pieces.

Inventory:

Hand Weapons
 a - a +0 hand axe (weapon)
Armour
 p - a +1 chain mail (worn)
 u - a cursed +0 pair of boots (worn)
Jewellery
 d - a +1 ring of evasion (left hand)
Wands
 f - a wand of flame (32)
Scrolls
 i - 2 scrolls of teleportation
 j - 2 scrolls of remove curse
 k - 2 scrolls of enchant armour
 l - a scroll of fear {unknown}
 m - a scroll of noise
 r - 3 scrolls of identify
Potions
 b - a potion of resistance {unknown}
 e - 3 potions of flight
 g - 3 potions of agility {unknown}
 h - 3 potions of heal wounds {unknown}
 n - a potion of might {unknown}
 o - a potion of lignification {unknown}
 s - a potion of invisibility {unknown}
 t - a potion of degeneration {unknown}
Comestibles
 c - 5 rations
 q - a chunk of flesh


   Skills:
 + Level 3.7 Fighting
 + Level 4.0 Axes
 + Level 3.4 Armour
 + Level 2.9 Dodging
 + Level 0.1 Stealth


You had 4 spell levels left.
You didn't know any spells.
Your spell library was empty.

Dungeon Overview and Level Annotations

Branches:
Dungeon (3/15)

Altars:

Annotations:
D:3 Grinder


Innate Abilities, Weirdness & Mutations

You sometimes gain power by taking damage.
You are immune to rotting.


Message History

You feel agile all of a sudden.
You are too injured to fight recklessly!
You are too injured to fight recklessly!
A red film seems to cover your vision as you go berserk!
You feel yourself moving faster!
You feel mighty!
You are feeling very hungry.
The orc closely misses you.
The orc priest mumbles some strange prayers to Beogh against you.
Beogh smites you!
* * * LOW HITPOINT WARNING * * *
The orc priest invokes the aid of Beogh against you.
Beogh smites you!
* * * LOW HITPOINT WARNING * * *
You slash the orc!
You kill the orc!
Trog accepts your kill.
You barely miss the orc.
The orc priest mumbles some strange prayers to Beogh against you.
Beogh smites you!
You die...

.............#.#.)######.#
*,*,* ...........###....##
#.# *,*,*
.....#######*#..#..# #.#
*,*,, .......,,,,,,....#.#
#.# *,*,*
.....##****,.....#.## #.#
*,*** ###### *,**,*....#
#.# *,* *,*#,*#.#.# #.#
*,* #.##o##.#.## #.# *,*
#...oo@....# #.# *,*
#..#o###...# #.# *,*
*,,#,* #...# #.# *,*
*,,*,* #...###.# *,*
*,,*.####...##.# *,* **
*,,#........##.# *,* ,*
*,,#...........# *,* ,*
*,,.........#### *,* ,*
*,,..#####..#******,*


You could see 2 orc priests and 2 orcs.

Vanquished Creatures
  A worker ant zombie (D:3)
  4 gnolls (D:2)
  4 adders
  A river rat (D:3)
  3 oozes (Sewer)
  6 worms
  2 dart slugs
  3 leopard geckos
  3 orcs (D:3)
  A ball python (D:3)
  14 bats
  4 giant cockroaches (D:3)
  8 goblins
  8 hobgoblins
  16 jackals
  2 quokkas (D:3)
  4 frilled lizards
  5 kobolds
  9 rats
98 creatures vanquished.

Notes
Turn   | Place    | Note
-------+----------+-------------------------------------------
     0 | D:1      | galech the Demonspawn Berserker began the quest for the Orb.
     0 | D:1      | Reached XP level 1. HP: 18/18 MP: 1/1
   106 | D:1      | Gained mutation: You sometimes gain a little power by taking damage. [demonic ancestry]
   106 | D:1      | Reached XP level 2. HP: 20/24 MP: 2/2
   136 | D:1      | Reached skill level 3 in Axes
   462 | D:1      | Reached XP level 3. HP: 23/29 MP: 3/3
   763 | D:1      | Reached ** piety under Trog
  1307 | D:2      | Gained mutation: You sometimes gain power by taking damage. [demonic ancestry]
  1307 | D:2      | Reached XP level 4. HP: 35/35 MP: 4/4
  1548 | D:3      | Found a glowing drain.
  1553 | Sewer    | Entered a sewer
  1628 | Sewer    | Gained mutation: You are immune to rotting. [demonic ancestry]
  1628 | Sewer    | Reached XP level 5. HP: 42/42 MP: 5/5
  1653 | Sewer    | Reached *** piety under Trog
  2245 | D:3      | Found a faded altar of an unknown god.
  2387 | D:3      | Reached skill level 4 in Axes
  2619 | D:3      | Noticed Grinder
  2620 | D:3      | Paralysed by Grinder for 3 turns
  2639 | D:3      | Paralysed by Grinder for 4 turns
  2645 | D:3      | Paralysed by Grinder for 4 turns
  2906 | D:3      | Killed from afar by an orc priest

Vault maps used:
D:1:      lightli_arrival_boilingwater
D:3:      chequers_ecumenical_altar_simple_redux, gup_sewer_entry_bowl,
          uniq_grinder
Sewer:    sewer_fruit_machine

Skill      XL: |  1  2  3  4  5 |
---------------+----------------+-----
Axes           | 3 4 |  4.0
Armour         | 2 3 |  3.4
Dodging        | 2 |  2.9
Fighting       | |  3.7
Stealth        | |  0.1

Action                   |  1- 3 |  4- 6 || total
-------------------------+-------+-------++-------
Melee: Hand axe          |   133 |   147 ||   280
Invok: Berserk           |     1 |     5 ||     6
       Trog's Hand       |       |     1 ||     1
  Use: Scroll            |       |     5 ||     5
       Potion            |       |     1 ||     1
  Eat: Chunk             |     1 |    11 ||    12
Armor: Animal skin       |     2 |       ||     2
       Ring mail         |    24 |       ||    24
       Chain mail        |    27 |    82 ||   109
Dodge: Dodged            |    77 |    97 ||   174

Table legend:
 A = Non-vault XP
 B = Vault XP
 C = Vault XP percentage of total XP
 D = Non-vault monster count
 E = Vault monster count
 F = Vault count percentage of total count
                 A         B        C        D         E       F
            +---------+---------+-------+---------+---------+-------
      Total |     217 |     117 |  35.0 |      70 |      28 |  28.6
            +---------+---------+-------+---------+---------+-------
        D:1 |      50 |       0 |   0.0 |      29 |       0 |   0.0
        D:2 |      82 |       0 |   0.0 |      20 |       0 |   0.0
        D:3 |      85 |      20 |  19.0 |      21 |       4 |  16.0
      Sewer |       0 |      97 | 100.0 |       0 |      24 | 100.0
            +---------+---------+-------+---------+---------+-------
